 Dungeon Crawl Stone Soup version 0.31-a0-1591-g515db51633 (webtiles) character file.

Game seed: 5746262580778231126

45 Flugslaktarn the Apothecary (level 3, -1/21 HPs)
             Began as an Octopode Alchemist on Jan 6, 2024.
             Shot with a sling bullet by a goblin (6 damage)
             ... on level 2 of the Dungeon.
             The game lasted 00:00:32 (301 turns).

Flugslaktarn the Apothecary (Octopode Alchemist)     Turns: 301, Time: 00:00:32

Health: -1/21      AC:  1    Str:  7    XL:     3   Next: 64%
Magic:  2/6        EV: 13    Int: 19    God:
Gold:   11         SH:  0    Dex: 12    Spells: 6/7 levels left

rFire   . . .        d - +0 spear
rCold   . . .        (no shield)
rNeg    . . .        (helmet restricted)
rPois   .            (no amulet)
rElec   .            (no ring)
rCorr   .            (no ring)
SInv    .            (no ring)
Will    .....        (no ring)
Stlth   +++          (no ring)
HPRegen 0.23/turn    (no ring)
MPRegen 0.10/turn    (no ring)
                     (no ring)

%: no passive effects
@: no status effects
A: almost no armour, amphibious, 8 rings, camouflage 1, gelatinous body 1,
(nimble swimmer 1), tentacles
a: no special abilities


You were on level 2 of the Dungeon.
You visited 1 branch of the dungeon, and saw 2 of its levels.

You collected 11 gold pieces.

Inventory:

Hand Weapons
 d - a +0 spear (weapon)
   (You took it off a gnoll on level 1 of the Dungeon)
Jewellery
 c - a ring of magical power
   (You found it on level 1 of the Dungeon)
Scrolls
 b - a scroll of amnesia {unknown}
 g - a scroll of identify {unknown}
Potions
 e - a potion of heal wounds {unknown}
 f - a potion of invisibility {unknown}


   Skills:
 - Level 2.0 Dodging
 - Level 2.6 Stealth
 + Level 2.6 Spellcasting
 - Level 1.0 Conjurations
 * Level 4.4 Alchemy


You had 6 spell levels left.
You knew the following spells:

 Your Spells              Type           Power      Damage    Failure   Level
a - Sting                 Conj/Alch      48%        1d6       5%          1

Your spell library contained the following spells:

 Spells                   Type           Power      Damage    Failure   Level
 Mercury Vapours          Alch/Air       22%        N/A       10%         2
 Mephitic Cloud           Conj/Alch/Air  9%         N/A       22%         3
 Olgreb's Toxic Radiance  Alch           19%        N/A       26%         4
 Sticky Flame             Fire/Alch      11%        2d5       54%         4


Dungeon Overview and Level Annotations

Branches:
Dungeon (2/15)

Altars:


Innate Abilities, Weirdness & Mutations

You cannot wear most types of armour.
You are amphibious.
You can wear up to eight rings at the same time.
Your skin changes colour to match your surroundings (Stealth+).
Your rubbery body absorbs attacks. (AC +1, EV +1)
((You are camouflaged when in or above water. (Stealth+)))
You have tentacles for arms and can constrict up to eight enemies at once.


Message History

Robin hits you from afar with a +0 spear.
Casting: Sting (safe; 5% risk of failure)
Confirm with . or Enter, or press ? or * to list all spells.
Aiming: Sting (safe; 5% risk of failure)
Press: ? - help, Shift-Dir - straight line, f/p - Robin
Aim: Robin, wielding a +0 spear, wearing a +0 animal skin and wearing a +2 helmet (lightly wounded, very poisoned, 79% to hit)
The sting hits Robin but does no damage.
Robin looks even sicker.
Robin is lightly wounded.
The hobgoblin no longer looks unusually strong.
Robin barely misses you.
Casting: Sting (safe; 5% risk of failure)
Confirm with . or Enter, or press ? or * to list all spells.
Aiming: Sting (safe; 5% risk of failure)
Press: ? - help, Shift-Dir - straight line, f/p - Robin
Aim: Robin, wielding a +0 spear, wearing a +0 animal skin and wearing a +2 helmet (moderately wounded, very poisoned, 79% to hit)
The sting hits Robin but does no damage.
Robin looks as sick as possible!
Robin is moderately wounded.
Robin completely misses you.
Casting: Sting (safe; 5% risk of failure)
Confirm with . or Enter, or press ? or * to list all spells.
Aiming: Sting (safe; 5% risk of failure)
Press: ? - help, Shift-Dir - straight line, f/p - Robin
Aim: Robin, wielding a +0 spear, wearing a +0 animal skin and wearing a +2 helmet (severely wounded, extremely poisoned, 79% to hit)
The sting hits Robin but does no damage.
Robin looks as sick as possible!
Robin is severely wounded.
Robin misses you.
Casting: Sting (safe; 5% risk of failure)
Confirm with . or Enter, or press ? or * to list all spells.
Aiming: Sting (safe; 5% risk of failure)
Press: ? - help, Shift-Dir - straight line, f/p - Robin
Aim: Robin, wielding a +0 spear, wearing a +0 animal skin and wearing a +2 helmet (severely wounded, extremely poisoned, 79% to hit)
The sting hits Robin.
Robin looks as sick as possible!
Robin is severely wounded.
Robin hits you from afar with a +0 spear.
* * * LOW HITPOINT WARNING * * *
Casting: Sting (safe; 5% risk of failure)
Confirm with . or Enter, or press ? or * to list all spells.
Aiming: Sting (safe; 5% risk of failure)
Press: ? - help, Shift-Dir - straight line, f/p - Robin
Aim: Robin, wielding a +0 spear, wearing a +0 animal skin and wearing a +2 helmet (almost dead, extremely poisoned, 79% to hit)
The sting hits Robin.
Robin looks as sick as possible!
Robin is almost dead.
You kill Robin!
Casting: Sting (safe; 5% risk of failure)
Confirm with . or Enter, or press ? or * to list all spells.
You don't have enough magic to cast this spell.
Casting: Sting (safe; 5% risk of failure)
Confirm with . or Enter, or press ? or * to list all spells.
You don't have enough magic to cast this spell.
You are too injured to fight recklessly!
You are too injured to fight recklessly!
Reach: d) +0 spear
Press: ? - help, Dir - move target, f - hobgoblin
Aim: a hobgoblin (about 41% to evade your +0 spear)
You reach to attack!
You hit the hobgoblin.
The hobgoblin is almost dead.
Reach: d) +0 spear
Press: ? - help, Dir - move target, f/p - hobgoblin
Aim: a hobgoblin (almost dead, about 41% to evade your +0 spear)
You hit the hobgoblin.
You kill the hobgoblin!
Reach: d) +0 spear
Press: ? - help, Dir - move target, f - goblin
Aim: a goblin, wielding a +0 club (about 49% to evade your +0 spear)
You reach to attack!
You closely miss the goblin.
Reach: d) +0 spear
Press: ? - help, Dir - move target, f/p - goblin
Aim: a goblin, wielding a +0 club (about 49% to evade your +0 spear)
You closely miss the goblin. Your grab misses the goblin.
Your squeeze misses the goblin. The goblin hits you with a +0 club.
* * * LOW HITPOINT WARNING * * *
You hit the goblin.
You kill the goblin!
Things that are here:
a +0 club; a goblin corpse
Things that are here:
a +0 dagger; a +0 club
Items here: ) [[ †.
Things that are here:
a +0 club; a goblin corpse
Found a stone staircase leading down.
A goblin comes into view. It is wielding a +0 club.
A goblin is nearby!
Unknown command.
A kobold comes into view. It is wielding a +0 short sword.
Casting: Sting (safe; 5% risk of failure)
Confirm with . or Enter, or press ? or * to list all spells.
Aiming: Sting (safe; 5% risk of failure)
Press: ? - help, Shift-Dir - straight line, f - goblin
Aim: a goblin, wielding a +0 club (wandering, hasn't noticed you, 64% to hit)
The sting misses the goblin.
The goblin hits you with a +0 club.
* * * LOW HITPOINT WARNING * * *
The goblin unwields a +0 club.
The goblin wields a +0 sling of flaming.
It bursts into flame!
The goblin shoots a sling bullet.
The sling bullet hits you.
You die...

. #.#.# #.#.#.#
.#.#.# ....#
#...# #.K.###
#.g>..# #.#
########### #@#
..........#
#.###########.###
#......))).)..#
###############


You could see a goblin and a kobold.

Vanquished Creatures
  Robin (D:2)
  An adder (D:2)
  A gnoll (D:1)
  A bat (D:1)
  An endoplasm (D:1)
  5 goblins
  4 hobgoblins
  A quokka (D:1)
15 creatures vanquished.

Notes
Turn   | Place    | Note
-------+----------+-------------------------------------------
     0 | D:1      | Flugslaktarn the Octopode Alchemist began the quest for the
                  | Orb.
     0 | D:1      | Reached XP level 1. HP: 11/11 MP: 3/3
   181 | D:1      | Reached XP level 2. HP: 17/17 MP: 1/5
   246 | D:1      | Reached skill level 4 in Alchemy
   261 | D:2      | Reached XP level 3. HP: 16/21 MP: 1/6
   262 | D:2      | Noticed Robin
   279 | D:2      | Killed Robin
   301 | D:2      | Shot with a sling bullet by a goblin

Illustrated notes

Levels and vault maps discovered:
D:1:      dpeg_arrival_circle_labyrinth_c, layout_basic
D:2:      layout_basic, uniq_robin, uniq_natasha, uniq_sigmund

Skill      XL: |  1  2 |
---------------+-------+-----
Alchemy        | 4 |  4.4
Dodging        | |  2.0
Stealth        | |  2.6
Spellcasting   | |  2.6
Conjurations   | |  1.0

Action                     || total
---------------------------++-------
  Melee: Spear             ||    15
         Unarmed           ||     7
         Constrict         ||     4
         Tentacles         ||     2
   Cast: Sting             ||    18
    Use: Potion            ||     1
 Armour: Skin              ||    11
  Dodge: Dodged            ||    19

Table legend: (Time is in decaauts)
 A = Elapsed time spent in this place.
 B = Non-inter-level travel time spent in this place.
 C = Inter-level travel time spent in this place.
 D = Time resting spent in this place.
 E = Time spent auto-exploring this place.
 F = Levels seen in this place.
 G = Mean time per level.
                   A        B        C        D        E       F      G
               +--------+--------+--------+--------+--------+-----+--------+
         Total |    301 |    301 |      0 |      0 |    186 |   2 |  150.5 |
       Dungeon |    301 |    301 |      0 |      0 |    186 |   2 |  150.5 |
               +--------+--------+--------+--------+--------+-----+--------+

Top non-repeatable levels by time:
     D:1: 254 daAuts
     D:2: 47 daAuts
